 Dungeon Crawl Stone Soup version 0.30-a0-743-gbfdf073431 (webtiles) character file.

Game seed: 14832202864009399252

18 gelatine the Firebug (level 2, 0/19 HPs)
             Began as a Demonspawn Fire Elementalist on Feb 6, 2023.
             Slain by a ball python (2 damage)
             ... on level 1 of the Dungeon.
             The game lasted 00:01:30 (930 turns).

gelatine the Firebug (Demonspawn Fire Elementalist)  Turns: 930, Time: 00:01:31

Health: 0/19       AC:  2    Str:  8    XL:     2   Next: 48%
Magic:  4/14       EV:  9    Int: 16    God:
Gold:   58         SH:  0    Dex: 13    Spells: 2/5 levels left

rFire   . . .      SeeInvis .    c - +0 rapier
rCold   . . .      Faith    .    (no shield)
rNeg    . . .      Spirit   .    a - +0 robe
rPois   .          Reflect  .    (no helmet)
rElec   .          Harm     .    (no cloak)
rCorr   .          Rampage  .    (no gloves)
Will    .....                    (no boots)
Stlth   ++                       (no amulet)
HPRegen 0.23/turn                h - ring of magical power
MPRegen 0.14/turn                (no ring)

@: constricted
A: powered by pain 1
a: no special abilities


You were on level 1 of the Dungeon.
You visited 1 branch of the dungeon, and saw 1 of its levels.

You collected 58 gold pieces.

Inventory:

Hand Weapons
 c - a +0 rapier (weapon)
Missiles
 e - 4 poisoned darts
Armour
 a - a +0 robe (worn)
Jewellery
 h - a ring of magical power (left hand)
Scrolls
 d - 5 scrolls of identify {unknown}
Potions
 b - a potion of magic
 f - a potion of berserk rage {unknown}
 g - a potion of cancellation {unknown}
 i - 2 potions of heal wounds {unknown}
 j - a potion of might {unknown}


   Skills:
 * Level 0.3 Fighting
 * Level 0.3 Short Blades
 * Level 1.9 Dodging
 + Level 1.8 Stealth
 + Level 2.2 Spellcasting
 * Level 1.0 Conjurations
 * Level 3.1 Fire Magic


You had 2 spell levels left.
You knew the following spells:

 Your Spells              Type           Power      Damage    Failure   Level
a - Foxfire               Conj/Fire      32%        2x1d5     9%          1
b - Scorch                Fire           22%        2d6       9%          2

Your spell library contained the following spells:

 Spells                   Type           Power      Damage    Failure   Level
 Inner Flame              Hex/Fire       6%         N/A       32%         3
 Kindle Blastsparks       Fire/Tloc/Air  10%        2d10      36%         3
 Flame Wave               Conj/Fire      8%         2d5       65%         4


Dungeon Overview and Level Annotations

Branches:
Dungeon (1/15)

Altars:


Innate Abilities, Weirdness & Mutations

You sometimes gain a little power by taking damage.


Message History

There is an open door here.
Casting: Scorch (safe; 9% risk of failure)
Confirm with . or Enter, or press ? or * to list all spells.
Flames lash the endoplasm.
The endoplasm quivers.
The endoplasm is heavily wounded.
The endoplasm's fire resistance burns away.
The ball python bites you. The ball python grabs you.
The ball python constricts you. The goblin hits you with a +0 dagger.
Casting: Scorch (safe; 9% risk of failure)
Confirm with . or Enter, or press ? or * to list all spells.
Flames lash the goblin.
The goblin is severely wounded.
The goblin's fire resistance burns away.
The ball python bites you. The ball python constricts you.
A bat comes into view.
The goblin hits you with a +0 dagger.
Casting: Scorch (safe; 9% risk of failure)
Confirm with . or Enter, or press ? or * to list all spells.
Flames lash the goblin.
The goblin is burned terribly!
You kill the goblin!
The ball python barely misses you. The ball python constricts you.
The endoplasm freezes you.
You are frozen.
Casting: Scorch (safe; 9% risk of failure)
Confirm with . or Enter, or press ? or * to list all spells.
Flames lash the endoplasm.
The endoplasm is burned terribly!
You kill the endoplasm!
The ball python bites you.
* * * LOW HITPOINT WARNING * * *
The ball python constricts you. The ball python bites you.
* * * LOW HITPOINT WARNING * * *
The ball python constricts you.
Casting: Scorch (safe; 9% risk of failure)
Confirm with . or Enter, or press ? or * to list all spells.
Flames lash the bat.
The bat is severely wounded.
The bat's fire resistance burns away.
The bat hits you but does no damage. The bat barely misses you.
The ball python bites you.
You die...

#######
......b############
...>(.S@..........##
.$...$.#########...#
.......
########[#.#####
.......
................
#######
########.###.... #.#
#.##. #.# #.#.. #.#
#.#.. #.# #.###


You could see a bat (combustible) and a ball python.

Vanquished Creatures
  4 ball pythons (D:1)
  2 endoplasms (D:1)
  A goblin (D:1)
  A hobgoblin (D:1)
  A quokka (D:1)
  4 bats (D:1)
  A frilled lizard (D:1)
  A kobold (D:1)
15 creatures vanquished.

Vanquished Creatures (others)
  27 foxfires (D:1)
27 creatures vanquished.

Grand Total: 42 creatures vanquished

Notes
Turn   | Place    | Note
-------+----------+-------------------------------------------
     0 | D:1      | gelatine the Demonspawn Fire Elementalist began the quest
                  | for the Orb.
     0 | D:1      | Reached XP level 1. HP: 13/13 MP: 3/3
   221 | D:1      | Reached skill level 3 in Fire Magic
   221 | D:1      | Gained mutation: You sometimes gain a little power by
                  | taking damage. [demonic ancestry]
   221 | D:1      | Reached XP level 2. HP: 18/19 MP: 0/5
   312 | D:1      | Learned a level 2 spell: Scorch
   930 | D:1      | Slain by a ball python

Illustrated notes

Levels and vault maps discovered:
D:1:      heliophobic_arrival_glass_houses, layout_basic

Skill      XL: |  1 |
---------------+----+-----
Fire Magic     | 3 |  3.1
Fighting       | |  0.3
Short Blades   | |  0.3
Dodging        | |  1.9
Stealth        | |  1.8
Spellcasting   | |  2.2
Conjurations   | |  1.0

Action                     || total
---------------------------++-------
  Melee: Rapier            ||    25
   Cast: Foxfire           ||    15
         Scorch            ||     7
 Armour: Robe              ||     6
  Dodge: Dodged            ||    33

Table legend: (Time is in decaauts)
 A = Elapsed time spent in this place.
 B = Non-inter-level travel time spent in this place.
 C = Inter-level travel time spent in this place.
 D = Time resting spent in this place.
 E = Time spent auto-exploring this place.
 F = Levels seen in this place.
 G = Mean time per level.
                   A        B        C        D        E       F      G
               +--------+--------+--------+--------+--------+-----+--------+
         Total |    934 |    934 |      0 |      0 |    801 |   1 |  934.0 |
       Dungeon |    934 |    934 |      0 |      0 |    801 |   1 |  934.0 |
               +--------+--------+--------+--------+--------+-----+--------+

Top non-repeatable levels by time:
     D:1: 934 daAuts
